Map: [ESL] Hecate

Players

Oliveira - Winner!

  • Race: Terran Terran
  • Spawn Location: 7:00

Elazer

  • Race: Zerg Zerg
  • Spawn Location: 1:00

Event: ESL SC2 Masters 2023 Winter (Finals)

VOD

Have the link to the VOD?

Description

Time

  • Played on: Dec. 16, 2023, 9:32 a.m.
  • Length: 11:10

All games in this series

Show
View Real Time Build Order
Export as new Build Order

Oliveira Terran - Winner!

Build Orders: Cyclone Opening, Gas First Reaper Expand 

Get SALT Encoding   

  12  0:00  SCV  
  13  0:12  SCV  
  14  0:16  Supply Depot  
  14  0:24  SCV  
  14  0:28  Refinery  
  15  0:38  SCV  
  16  0:44  Barracks  
  16  0:50  SCV  
  17  1:02  SCV  
  18  1:14  SCV  
  19  1:31  Orbital Command, Reaper  
  20  1:42  Command Center  
  20  1:53  Factory  
  20  1:57  SCV  
  21  2:05  Barracks Reactor, Refinery  
  21  2:10  SCV  
  21  2:14  Supply Depot  
  22  2:22  SCV  
  23  2:35  SCV  
  24  2:45  Cyclone x2  
  24  2:47  SCV  
  29  2:54  Starport  
  29  2:55  Orbital Command  
  29  2:59  Barracks Tech Lab  
  29  3:00  SCV  
  30  3:12  SCV  
  31  3:17  Hellion  
  31  3:18  Hellion  
  35  3:21  SCV  
  35  3:24  SCV  
  37  3:27  Supply Depot  
  37  3:33  SCV  
  38  3:37  Banshee, Cloaking Field, SCV  
  42  3:43  Hellion  
  42  3:58  Hellion  
  42  3:59  SCV x2  
  46  4:04  Command Center  
  46  4:07  Barracks Tech Lab  
  46  4:09  Supply Depot  
  46  4:11  SCV  
  46  4:12  SCV  
  48  4:20  Banshee  
  48  4:23  SCV  
  52  4:24  SCV  
  52  4:27  Factory Reactor  
  52  4:30  Stimpack  
  52  4:31  Marine  
  53  4:33  Barracks  
  53  4:35  Supply Depot  
  53  4:38  SCV x2  
  56  4:46  Barracks  
  56  4:50  SCV x2  
  58  4:55  Engineering Bay x2  
  58  4:56  Marine  
  59  5:01  Refinery  
  59  5:02  SCV  
  60  5:08  SCV  
  60  5:14  Starport Reactor, SCV  
  61  5:19  Barracks  
  61  5:20  Barracks  
  65  5:23  Marine x2  
  65  5:24  Marine  
  65  5:27  SCV x2  
  70  5:33  Terran Infantry Weapons Level 1, Terran Infantry Armor Level 1  
  70  5:35  Orbital Command  
  67  5:39  SCV  
  67  5:40  SCV  
  67  5:41  Marine  
  67  5:42  Refinery  
  70  5:45  Siege Tank  
  70  5:49  Supply Depot  
  73  5:50  Marine x3  
  73  5:51  Marine  
  73  5:54  SCV x2  
  79  6:01  Medivac x2  
  79  6:02  Marine  
  84  6:08  Barracks Reactor  
  84  6:09  Orbital Command  
  84  6:10  SCV  
  84  6:11  Marine, SCV  
  86  6:13  Supply Depot  
  86  6:14  Supply Depot  
  86  6:16  Marine  
  88  6:20  Siege Tank  
  88  6:22  Barracks Reactor, SCV  
  88  6:25  SCV  
  93  6:32  Marine x2  
  93  6:36  Marine x2  
  93  6:37  Marine  
  93  6:39  Medivac  
  97  6:40  SCV x2  
  97  6:41  Medivac  
  97  6:43  Supply Depot, SCV  
  97  6:46  Marine  
  103  6:47  Marine  
  103  6:48  Supply Depot  
  103  6:51  Combat Shield  
  103  6:52  SCV x2, Marine  
  103  6:53  Refinery  
  107  6:55  Marine x2  
  109  7:01  Supply Depot  
  109  7:03  Supply Depot  
  109  7:05  SCV, Marine x3  
  113  7:11  Siege Tank, Marine  
  113  7:12  Armory  
  113  7:13  SCV  
  113  7:15  Marine  
  119  7:19  Marine x2  
  119  7:21  SCV  
  119  7:22  SCV  
  123  7:23  Marine x2  
  123  7:24  Marine  
  123  7:25  SCV  
  123  7:29  Factory  
  127  7:30  Marine x2  
  127  7:33  SCV  
  127  7:34  Marine, SCV  
  127  7:35  Marine  
  127  7:37  Marine  
  134  7:44  Marine  
  134  7:47  Marine  
  134  7:49  Marine x2  
  134  7:51  Marine  
  137  7:52  Siege Tank  
  137  7:53  Marine  
  137  7:54  Marine  
  137  7:56  Marine x2  
  140  8:03  Marine  
  140  8:04  SCV  
  140  8:05  Marine  
  139  8:06  SCV  
  139  8:07  Refinery  
  139  8:10  Marine  
  141  8:13  Marine  
  141  8:15  Factory Tech Lab  
  141  8:16  Supply Depot  
  141  8:17  Supply Depot  
  141  8:18  Command Center  
  141  8:22  SCV, Marine  
  141  8:23  Medivac  
  141  8:25  Medivac  
  141  8:37  Terran Infantry Weapons Level 2, Terran Infantry Armor Level 2, SCV x3, Marine x4  
  141  8:38  Siege Tank  
  141  8:39  Terran Vehicle Weapons Level 1, Marine  
  152  8:42  Marine x2  
  152  8:44  Marine  
  155  8:54  Marine  
  155  8:55  Marine  
  151  8:57  Marine x2  
  151  9:03  Marine  
  151  9:04  Marine  
  151  9:06  Siege Tank  
  151  9:09  Medivac x2  
  140  9:10  Marine x2  
  140  9:11  Marine  
  140  9:12  Siege Tank  
  140  9:13  Marine  
  140  9:16  Marine  
  130  9:22  Marine x2  
  124  9:24  Marine  
  124  9:25  Marine  
  124  9:26  SCV x3  
  124  9:28  Marine x2  
  127  9:32  Marine  
  127  9:38  Siege Tank, SCV  
  131  9:39  Liberator x2  
  131  9:41  Marine x3  
  131  9:42  Marine  
  131  9:44  SCV x2  
  143  9:46  Planetary Fortress  
  143  9:48  Siege Tank, Marine x2  
  143  9:49  Supply Depot  
  143  9:52  Marine x3  
  151  9:56  SCV  
  151  9:59  Marine x3, Supply Depot  
  155  10:02  Marine  
  155  10:05  Sensor Tower  
  155  10:06  Marine, SCV x2  
  159  10:08  SCV  
  159  10:09  Marine  
  159  10:11  Supply Depot  
  161  10:16  Marine  
  161  10:19  Marine  
  163  10:24  Siege Tank  
  163  10:25  Barracks  
  163  10:26  Barracks  
  163  10:27  Barracks  
  166  10:29  Marine x2  
  166  10:30  Siege Tank, Marine x2  
  166  10:34  Marine  
  174  10:39  Marine x2  
  174  10:42  Marine  
  176  10:49  Marine x2  
  178  10:56  Command Center, Supply Depot  
Show
View Real Time Build Order
Export as new Build Order

Elazer Zerg 

Build Orders: Hatch First 

Get SALT Encoding   

  12  0:00  Drone  
  13  0:13  Overlord  
  13  0:17  Drone  
  14  0:31  Drone x2  
  16  0:47  Hatchery  
  15  0:51  Drone  
  15  0:54  Drone  
  17  0:57  Drone  
  18  1:09  Extractor  
  17  1:13  Spawning Pool  
  17  1:16  Drone  
  17  1:20  Drone  
  18  1:28  Drone  
  19  1:39  Drone  
  20  1:50  Drone  
  21  1:59  Queen x2  
  25  2:06  Zergling x4  
  27  2:11  Drone  
  27  2:13  Metabolic Boost, Overlord  
  28  2:30  Hatchery  
  28  2:32  Drone x2  
  28  2:35  Drone  
  30  2:39  Drone  
  30  2:44  Queen  
  31  2:49  Overlord  
  33  2:53  Drone  
  34  2:59  Drone x2  
  34  3:05  Overlord  
  36  3:08  Drone x4  
  40  3:14  Queen  
  42  3:20  Queen  
  44  3:29  Drone x2  
  44  3:30  Zergling x4  
  48  3:38  Drone, Overlord  
  48  3:40  Drone x2  
  51  3:42  Queen  
  50  3:58  Zergling x4  
  50  3:59  Zergling x2  
  50  4:00  Overlord  
  50  4:01  Queen  
  54  4:03  Queen  
  54  4:04  Zergling x6  
  59  4:11  Overlord  
  59  4:16  Overlord x2  
  59  4:23  Drone x3, Queen  
  59  4:24  Drone  
  65  4:26  Overlord  
  65  4:32  Drone x4  
  65  4:35  Drone x2  
  65  4:37  Drone  
  72  4:39  Drone  
  72  4:41  Spore Crawler  
  72  4:49  Spore Crawler  
  71  4:55  Drone x7  
  71  4:58  Spore Crawler  
  77  5:00  Drone x3  
  77  5:02  Drone  
  80  5:07  Overlord  
  80  5:14  Drone x2  
  79  5:17  Overlord  
  76  5:24  Drone x7  
  83  5:35  Drone x6  
  89  5:40  Extractor, Drone  
  89  5:41  Extractor  
  88  5:44  Overlord  
  88  5:45  Drone  
  88  5:48  Hatchery  
  88  5:49  Roach Warren  
  87  5:50  Lair  
  87  5:52  Drone x3  
  87  5:54  Drone  
  87  5:55  Extractor  
  90  5:58  Extractor x2, Drone x2  
  90  6:00  Drone x3  
  92  6:09  Drone x6  
  98  6:13  Drone  
  98  6:17  Overlord  
  99  6:20  Overlord  
  98  6:29  Overlord  
  98  6:30  Evolution Chamber  
  98  6:31  Roach x7  
  98  6:32  Evolution Chamber  
  110  6:39  Roach  
  120  6:40  Roach x4  
  120  6:45  Overlord  
  120  6:48  Drone, Glial Reconstitution  
  120  6:52  Drone, Overlord  
  122  6:57  Roach x2, Ravager x3  
  129  7:02  Hatchery  
  129  7:03  Zerg Ground Armor Level 1  
  129  7:06  Overlord  
  129  7:07  Drone x6  
  134  7:15  Zerg Melee Weapons Level 1  
  134  7:16  Drone x5  
  134  7:17  Spore Crawler  
  134  7:21  Drone x4  
  142  7:25  Roach x2  
  142  7:26  Roach  
  142  7:27  Roach  
  142  7:29  Overlord  
  150  7:32  Drone  
  150  7:33  Drone, Infestation Pit  
  150  7:34  Drone x2, Baneling Nest  
  150  7:37  Extractor  
  151  7:38  Drone x3, Extractor  
  151  7:43  Roach x4  
  163  7:51  Roach x2  
  150  8:10  Zergling x30  
  162  8:15  Ravager x2  
  163  8:21  Overlord x2  
  163  8:22  Hive  
  163  8:23  Centrifugal Hooks  
  163  8:27  Zergling x2  
  163  8:28  Zergling x12  
  163  8:30  Overlord x2  
  163  8:31  Zergling x10  
  175  8:38  Hatchery  
  174  8:42  Zergling x8  
  172  8:50  Zergling x8  
  166  8:56  Zergling x12  
  137  9:12  Roach x7  
  129  9:17  Roach  
  129  9:23  Roach x3  
  123  9:27  Roach x4  
  123  9:30  Roach  
  131  9:31  Queen x2  
  131  9:35  Adrenal Glands  
  131  9:37  Roach x2, Hatchery  
  138  9:40  Viper, Hatchery  
  140  9:45  Queen  
  140  9:46  Viper x2  
  140  9:49  Ravager x2  
  140  9:50  Ravager  
  140  9:52  Zergling x4  
  153  10:03  Zergling x8  
  153  10:04  Zergling x8  
  153  10:06  Baneling  
  153  10:07  Baneling x6  
  161  10:08  Zergling x4  
  161  10:11  Baneling x4  
  161  10:13  Pneumatized Carapace  
  163  10:15  Zergling x4  
  163  10:20  Zergling x4  
  167  10:31  Zergling x8  
  167  10:34  Zergling x4  
  173  10:36  Zergling x2  
  173  10:37  Spore Crawler  
  173  10:40  Zergling x4  
  160  11:00  Spore Crawler  
Tags
 
Add a new tag
Caveats
  • Supply blocks, unpowered buildings, or Contaminate may cause inaccurate times.
  • Supply counts are checked every 10 seconds.